 Dungeon Crawl Stone Soup version 0.18-a0-1211-g828307d (webtiles) character file.

444 corax the Ruffian (level 6, 0/53 HPs)
             Began as a Minotaur Monk on Feb 2, 2016.
             Slain by an orc
             ... wielding a +0 short sword
              (2 damage)
             ... on level 4 of the Dungeon.
             The game lasted 00:08:46 (2200 turns).

corax the Ruffian (Minotaur Monk)                   Turns: 2200, Time: 00:08:46

Health: 0/53       AC:  3    Str: 18    XL:     6   Next: 72%
Magic:  5/5        EV:  9    Int:  7    God:
Gold:   102        SH:  0    Dex: 12    Spells: 0 memorised, 5 levels left

rFire  . . .     SeeInvis .       - Unarmed
rCold  . . .     Gourm    .     a - +0 robe
rNeg   . . .     Faith    .     (no shield)
rPois  .         Spirit   .     (helmet restricted)
rElec  .         Dismiss  .     v - +0 cloak
rCorr  .         Reflect  .     (no gloves)
SustAt +         Harm     .     (no boots)
MR     .....                    (no amulet)
Stlth  ++........               p - ring of wizardry
                                l - ring of sustain attributes

@: not resistant to hostile enchantments, unstealthy
A: retaliatory headbutt, horns 2
a: no special abilities


You were on level 4 of the Dungeon.
You were not hungry.

You visited 1 branch of the dungeon, and saw 5 of its levels.

You collected 102 gold pieces.

Inventory:

Hand Weapons
 j - a cursed -2 war axe
Armour
 a - a +0 robe (worn)
 r - a +0 ring mail
 v - a +0 cloak (worn)
Jewellery
 l - a ring of sustain attributes (left hand)
 p - a ring of wizardry (right hand)
Wands
 i - a wand of random effects (21/48)
 q - a wand of digging (1/24)
Scrolls
 e - a scroll of enchant weapon {unknown}
 h - 2 scrolls of remove curse {unknown}
 k - 2 scrolls of identify {unknown}
 n - 2 scrolls of noise {unknown}
 s - a scroll of amnesia {unknown}
 u - 3 scrolls of fog {unknown}
Potions
 d - a potion of lignification {unknown}
 f - 2 potions of might
 m - a potion of magic {unknown}
 o - a potion of invisibility {unknown}
Comestibles
 b - 4 bread rations
 c - a meat ration
 g - a beef jerky
 t - a slice of pizza


   Skills:
 + Level 4.6 Fighting
 * Level 3.9 Axes
 * Level 3.1 Armour
 + Level 4.7 Dodging
 + Level 2.8 Stealth
 - Level 5.1 Unarmed Combat


You had 5 spell levels left.
You didn't know any spells.

Dungeon Overview and Level Annotations

Branches:
Dungeon (5/15)
 Temple: D:4-7

Altars:
Nemelex Xobeh
Pakellas
Qazlal
Sif Muna
Zin

Annotations:
D:3 asdu's ghost, weakling DESu


Innate Abilities, Weirdness & Mutations

You reflexively headbutt those who attack you in melee.
You have a pair of horns on your head.


Message History

The hound skeleton barely misses you.
The hound skeleton bites you but does no damage.
You hit the hound skeleton. The hound skeleton barely misses you.
You furiously retaliate!
You headbutt the hound skeleton. You punch the hound skeleton!
The hound skeleton barely misses you. The hound skeleton bites you.
* * * LOW HITPOINT WARNING * * *
An orc comes into view. It is wielding a flail.
The orc shouts!
You hit the hound skeleton. The hound skeleton closely misses you.
An orc wizard comes into view. It is wielding a dagger.
The giant newt hisses menacingly.
The hound skeleton bites you.
* * * LOW HITPOINT WARNING * * *
The hound skeleton barely misses you. You furiously retaliate!
You headbutt the hound skeleton!
You destroy the hound skeleton!
There is a stone staircase leading up here.
The orc hits you with a short sword.
You die...

#............# #.
#...........##
.#.###..###....#..##
.........###.......##
##..##....##..>.#...#.
##.##..#.####........
#.#...#.####.#......
#.....#.##.....##...
#####.#..@...##.##. ..
...#####([(.....o###......#
.
.......<)##.###..l.#.##.###
. ...########.#
#....l.##..# .. #.#
##.......o.##o.# ..#
##.....##.o..# .##
###.......#...### #.
##....##.##†#...... ..
#<.#####.##..#


You could see an orc and a giant newt.

Vanquished Creatures
  A centaur (D:4)
  A giant frog (D:4)
  A water moccasin skeleton (D:4)
  An orc priest (D:3)
  2 orc wizards
  A worker ant (D:4)
  A hound skeleton (D:4)
  A gnoll (D:1)
  6 adders
  6 worms
  4 orcs
  7 giant cockroaches
  6 goblins
  5 hobgoblins
  8 bats
  A giant newt (D:3)
  4 kobolds
  6 rats
62 creatures vanquished.

Notes
Turn   | Place    | Note
--------------------------------------------------------------
     0 | D:1      | corax the Minotaur Monk began the quest for the Orb.
     0 | D:1      | Reached XP level 1. HP: 19/19 MP: 0/0
    97 | D:1      | Reached XP level 2. HP: 12/27 MP: 1/1
   404 | D:1      | Reached skill level 5 in Unarmed Combat
   626 | D:2      | Reached XP level 3. HP: 33/33 MP: 2/2
   978 | D:2      | Reached skill level 1 in Axes
  1026 | D:3      | Found a glowing silver altar of Zin.
  1026 | D:3      | Found a deep blue altar of Sif Muna.
  1026 | D:3      | Found an oddly glowing altar of Pakellas.
  1086 | D:2      | Found an oddly glowing altar of Pakellas.
  1118 | D:2      | Reached XP level 4. HP: 35/40 MP: 3/3
  1206 | D:3      | Reached skill level 1 in Armour
  1246 | D:3      | Noticed asdu's ghost (weakling DESu)
  1506 | D:4      | Reached XP level 5. HP: 33/46 MP: 4/4
  1532 | D:4      | Noticed a centaur
  1549 | D:4      | Killed a centaur
  1549 | D:4      | Reached XP level 6. HP: 32/53 MP: 5/5
  1563 | D:4      | HP: 2/53 [worker ant (3)]
  1565 | D:4      | Gained mutation: You are dopey. (Int -2) [potion of mutation]
  1565 | D:4      | Gained mutation: Scrolls take you a little longer to read. [potion of mutation]
  1566 | D:4      | Lost mutation: Scrolls take you a little longer to read. [potion of cure mutation]
  1566 | D:4      | Lost mutation: You are dopey. (Int -2) [potion of cure mutation]
  1605 | D:5      | Entered Level 5 of the Dungeon
  1631 | D:3      | Found a stormy altar of Qazlal.
  1634 | D:3      | Found a sparkling altar of Nemelex Xobeh.
  2194 | D:4      | HP: 1/53 [hound skeleton (2)]
  2200 | D:4      | Slain by an orc

Vault maps used:
D:1:      minmay_arrival_jagged, serial_park_tiny_pond
D:2:      johnstein_pakellas_dig
D:3:      grunt_temple_overflow_open, first_bread
D:4:      nicolae_gozag_seed_capital
D:5:      uniq_crazy_yiuf_cottage

Action                   |  1- 3 |  4- 6 || total
-------------------------+-------+-------++-------
Melee: Unarmed           |    63 |    94 ||   157
  Use: Potion            |       |     3 ||     3
 Stab: Sleeping          |     1 |     3 ||     4
  Eat: Chunk             |       |     4 ||     4
